 Dungeon Crawl Stone Soup version 0.30-a0-591-g3c58d2bc28 (webtiles) character file.

Game seed: 1608457430196604152

585240 hikkokomori the Gelid (level 26, -8/280 HPs)
             Began as an Octopode Conjurer on Jan 3, 2023.
             Was an Initiate of Gozag.
             Mangled by Puphas the pandemonium lord (52 damage)
             ... in Pandemonium on Jan 6, 2023.
             The game lasted 05:27:34 (88913 turns).

hikkokomori the Gelid (Octopode Conjurer)          Turns: 88913, Time: 05:27:35

Health: -8/280     AC: 22    Str: 25    XL:     26   Next: 81%
Magic:  37/43      EV: 26    Int: 44    God:    Gozag
Gold:   2050       SH:  7    Dex: 13    Spells: 5/57 levels left

rFire   + + +      SeeInvis +      - Unarmed
rCold   + . .      Faith    .    (shield currently unavailable)
rNeg    + . .      Spirit   .    (helmet currently unavailable)
rPois   +          Reflect  +    W - amulet "Hisoch" {Reflect rElec Str+4 SH+5}
rElec   +          Harm     .    w - ring "Bufuolet" {Fly rCorr Int+6 Slay+3 SInv}
rCorr   +          Rampage  .    N - +5 ring of evasion
Will    ++++.                    x - ring of the Octopus King {rN+ HP+2 AC+2 EV+2 SH+2}
Stlth   +++                      A - +4 ring of protection
HPRegen 0.66/turn                S - ring of Golibly {rElec rF+ Will+ Int+6}
MPRegen 0.28/turn                f - ring "Poteprya" {Wiz rF+ rC+ Str-4 Slay+2}
                                 d - ring "Zudoyck" {Contam rPois Str+4 Int+3 SInv}
                                 O - ring "Geuckuaf" {rC+ Will++ EV+5}

@: mighty, brilliant, lethally poisoned (-8 -> -30), dragon-form (expiring),
wereblooded, magic-sapped, flying, hasted, studying 2 skills, unable to read,
very quick
A: dragon claw, dragon scales, breathe fire, flying, boosted hp, almost no
armour, amphibious, 8 rings, giant, (camouflage 2), (gelatinous body 1), (nimble
swimmer 1), (tentacles), agile 1, clever 1, (electricity resistance), wild magic
1, evolution 1, inability to read after injury 1
}: 4/15 runes: barnacled, slimy, silver, gossamer
a: Breathe Fire, End Transformation, Renounce Religion, Potion Petition, Call
Merchant, Bribe Branch


You were in Pandemonium.
You worshipped Gozag.
Gozag was most pleased with you.
You were a fearsome dragon!
You visited 11 branches of the dungeon, and saw 49 of its levels.
You visited Pandemonium 1 time, and saw 1 of its levels.
You visited the Abyss 1 time.
You visited 1 bazaar.
You also visited: Trove, Ossuary and Bailey.

You collected 26184 gold pieces.
You spent 10227 gold pieces at shops.
You paid 13907 gold pieces to Gozag.

Inventory:

Hand Weapons
 s - the +10 spear "Spiderslayer" {venom, Dex+4}
   (You found it on level 3 of the Dungeon)

   Dex:       It affects your dexterity (+4).
Armour
 l - the +0 hat "Atsylud" (melded) {Int+3 Slay+5}
   (You found it in a treasure trove)

   Int:       It affects your intelligence (+3).
   Slay:      It affects your accuracy & damage with ranged weapons and melee
   (+5).
 D - a +0 kite shield (melded)
Magical Staves
 n - a staff of cold (melded)
Jewellery
 d - the ring "Zudoyck" (on tentacle) {Contam rPois Str+4 Int+3 SInv}
   (You found it on level 3 of the Depths)

   [ring of see invisible]

   Str:       It affects your strength (+4).
   Int:       It affects your intelligence (+3).
   rPois:     It protects you from poison.
   SInv:      It lets you see invisible.
   Contam:    It causes magical contamination when unequipped.
 f - the ring "Poteprya" (on tentacle) {Wiz rF+ rC+ Str-4 Slay+2}
   (You bought it in a shop on level 4 of the Lair of Beasts)

   [ring of wizardry]

   It improves your spell success rate.
   Str:       It affects your strength (-4).
   Slay:      It affects your accuracy & damage with ranged weapons and melee
   (+2).
   rF:        It protects you from fire.
   rC:        It protects you from cold.
 p - the ring of Divine Intervention {rF+ rN+++ rCorr Slay-2}
   (You took it off a deep elf pyromancer on level 5 of the Vaults)

   [ring of protection from fire]

   Slay:      It affects your accuracy & damage with ranged weapons and melee
   (-2).
   rF:        It protects you from fire.
   rN:        It renders you almost immune to negative energy.
   rCorr:     It protects you from acid and corrosion.
 w - the ring "Bufuolet" (left foreclaw) {Fly rCorr Int+6 Slay+3 SInv}
   (You bought it in a shop on level 1 of the Depths)

   [ring of intelligence]

   Int:       It affects your intelligence (+6).
   Slay:      It affects your accuracy & damage with ranged weapons and melee
   (+3).
   SInv:      It lets you see invisible.
   Fly:       It grants you flight.
   rCorr:     It protects you from acid and corrosion.
 x - a ring of the Octopus King (on tentacle) {rN+ HP+2 AC+2 EV+2 SH+2}
   (You bought it in a shop on level 1 of the Depths)

   [ring of positive energy]

   AC:        It affects your AC (+2).
   EV:        It affects your evasion (+2).
   rN:        It protects you from negative energy.
   HP:        It affects your health (+2).
   SH:        It affects your SH (+2).
 A - a +4 ring of protection (on tentacle)
 N - a +5 ring of evasion (right foreclaw)
 O - the ring "Geuckuaf" (on tentacle) {rC+ Will++ EV+5}
   (You bought it in a shop on level 4 of the Vaults)

   [ring of evasion]

   EV:        It affects your evasion (+5).
   rC:        It protects you from cold.
   Will:      It greatly increases your willpower.
 R - a ring of ice
 S - the ring of Golibly (on tentacle) {rElec rF+ Will+ Int+6}
   (You found it in a treasure trove)

   [ring of intelligence]

   Int:       It affects your intelligence (+6).
   rF:        It protects you from fire.
   rElec:     It insulates you from electricity.
   Will:      It increases your willpower.
 W - the amulet "Hisoch" (around neck) {Reflect rElec Str+4 SH+5}
   (You bought it in a shop on level 11 of the Dungeon)

   [amulet of reflection]

   It reflects blocked missile attacks.
   Str:       It affects your strength (+4).
   rElec:     It insulates you from electricity.
   SH:        It affects your SH (+5).
 Y - a ring of ice
Wands
 r - a wand of mindburst (27)
 K - a wand of quicksilver (15)
 L - a wand of iceblast (13)
 T - a wand of charming (39)
 V - a wand of digging (5)
 Z - a wand of polymorph (5)
Scrolls
 m - 10 scrolls of teleportation
 q - a scroll of summoning
 u - 10 scrolls of enchant armour
 v - 9 scrolls of magic mapping
 y - 8 scrolls of fog
 C - 10 scrolls of poison
 E - 8 scrolls of enchant weapon
 F - 4 scrolls of brand weapon
 J - 2 scrolls of amnesia
 M - 2 scrolls of blinking
 P - 4 scrolls of immolation
 U - 3 scrolls of fear
 X - 5 scrolls of silence
Potions
 a - 3 potions of magic
 b - 10 potions of attraction
 c - 15 potions of heal wounds
 e - 8 potions of haste
 g - 4 potions of might
 h - 3 potions of invisibility
 i - 22 potions of curing
 j - 5 potions of ambrosia
 o - 9 potions of mutation
 t - 9 potions of flight
 z - 8 potions of resistance
 B - 7 potions of lignification
 G - 6 potions of cancellation
 H - 3 potions of berserk rage
 I - 14 potions of brilliance
Miscellaneous
 k - a phantom mirror
 Q - a condenser vane


   Skills:
 - Level 16.7 Fighting
 - Level 8.7(10.8) Polearms
 - Level 10.1(11.5) Staves
 - Level 15.7 Dodging
 + Level 7.0 Stealth
 - Level 11.9 Shields
 - Level 15.2 Unarmed Combat
 + Level 16.3 Spellcasting
 - Level 13.3 Conjurations
 - Level 6.2 Hexes
 - Level 12.7 Necromancy
 - Level 1.4 Translocations
 - Level 15.7 Transmutations
 + Level 19.1 Ice Magic
 - Level 4.6 Air Magic
 - Level 8.6 Evocations


You had 5 spell levels left.
You knew the following spells:

 Your Spells              Type           Power      Damage    Failure   Level
a - Dragon Form           Tmut           74%        N/A       1%          7
b - Necromutation         Tmut/Necr      71%        N/A       9%          8
c - Fulminant Prism       Conj/Hex       63%        3d26      1%          4
d - Iskenderun's Mystic   Conj/Tloc      100%       2d19      1%          4
e - Irradiate             Conj/Tmut      72%        3d35      1%          5
g - Freezing Cloud        Conj/Ice/Air   68%        6-21      1%          5
h - Ozocubu's Refrigerat  Ice            79%        4d25      1%          7
i - Sublimation of Blood  Necr           100%       N/A       1%          2
j - Wereblood             Tmut           100%       N/A       1%          2
k - Yara's Violent Unrav  Hex/Tmut       65%        3d24      1%          5
l - Ozocubu's Armour      Ice            100%       N/A       1%          3

Your spell library contained the following spells:

 Spells                   Type           Power      Damage    Failure   Level
 Apportation              Tloc           100%       N/A       1%          1
 Beastly Appendage        Tmut           100%       N/A       1%          1
 Foxfire                  Conj/Fire      100%       2x1d9     1%          1
 Magic Dart               Conj           100%       1d8       1%          1
 Necrotise                Necr           100%       1d9       1%          1
 Shock                    Conj/Air       100%       1d9       1%          1
 Slow                     Hex            100%       N/A       1%          1
 Sting                    Tmut/Pois      100%       1d8       1%          1
 Summon Small Mammal      Summ           100%       N/A       1%          1
 Blink                    Tloc           100%       N/A       1%          2
 Cigotuvi's Dreadful Rot  Necr/Pois/Air  100%       N/A       1%          2
 Ensorcelled Hibernation  Hex/Ice        100%       N/A       1%          2
 Momentum Strike          Conj/Tloc      100%       3d10      1%          2
 Poisonous Vapours        Pois/Air       100%       N/A       1%          2
 Scorch                   Fire           100%       2d10      1%          2
 Searing Ray              Conj           100%       2d8       1%          2
 Static Discharge         Conj/Air       100%       2-7/arc   1%          2
 Call Canine Familiar     Summ           63%        N/A       1%          3
 Confusing Touch          Hex            100%       N/A       1%          3
 Dazzling Flash           Conj/Hex       100%       N/A       1%          3
 Frozen Ramparts          Ice            100%       1d16      1%          3
 Hailstorm                Conj/Ice       100%       3d20      1%          3
 Ignite Poison            Fire/Tmut/Pois 100%       N/A       1%          3
 Inner Flame              Hex/Fire       89%        N/A       1%          3
 Kindle Blastsparks       Fire/Tloc/Air  100%       2d18      1%          3
 Lesser Beckoning         Tloc           100%       N/A       1%          3
 Mephitic Cloud           Conj/Pois/Air  100%       N/A       1%          3
 Portal Projectile        Hex/Tloc       100%       N/A       1%          3
 Spider Form              Tmut/Pois      100%       N/A       1%          3
 Stone Arrow              Conj/Erth      100%       3d13      1%          3
 Swiftness                Air            99%        N/A       1%          3
 Tukima's Dance           Hex            100%       N/A       1%          3
 Vampiric Draining        Necr           100%       2d13      1%          3
 Vhi's Electric Charge    Tloc/Air       100%       N/A       1%          3
 Airstrike                Air            49%        2d(8-24)  1%          4
 Anguish                  Hex/Necr       62%        N/A       1%          4
 Flame Wave               Conj/Fire      100%       2d21      1%          4
 Ice Form                 Ice/Tmut       100%       N/A       1%          4
 Leda's Liquefaction      Hex/Erth       44%        N/A       1%          4
 Petrify                  Tmut/Erth      100%       N/A       1%          4
 Sticky Flame             Conj/Fire      100%       2d11      1%          4
 Summon Ice Beast         Ice/Summ       100%       N/A       1%          4
 Summon Lightning Spire   Summ/Air       83%        N/A       1%          4
 Agony                    Necr           100%       N/A       1%          5
 Alistair's Intoxication  Tmut/Pois      78%        N/A       1%          5
 Arcjolt                  Conj/Air       61%        1d71      1%          5
 Blade Hands              Tmut           74%        N/A       1%          5
 Borgnjor's Vile Clutch   Necr/Erth      55%        N/A       1%          5
 Fireball                 Conj/Fire      55%        3d21      1%          5
 Iskenderun's Battlesphe  Conj           100%       2d15      1%          5
 Lightning Bolt           Conj/Air       61%        1d84      1%          5
 Metabolic Englaciation   Hex/Ice        68%        N/A       1%          5
 Manifold Assault         Tloc           77%        N/A       2%          4
 Passage of Golubria      Tloc           77%        N/A       2%          4
 Summon Mana Viper        Hex/Summ       89%        N/A       3%          5
 Olgreb's Toxic Radiance  Pois           63%        N/A       4%          4
 Summon Forest            Summ/Tloc      35%        N/A       9%          5
 Lee's Rapid Deconstruct  Erth           31%        3d16*     11%         5
 Eringya's Noxious Bog    Tmut/Pois      58%        N/A       2%          6
 Statue Form              Tmut/Erth      78%        N/A       2%          6
 Iron Shot                Conj/Erth      55%        9d10      4%          6
 Starburst                Conj/Fire      55%        6d15      4%          6
 Borgnjor's Revivificati  Necr           69%        N/A       13%         8
 Polar Vortex             Ice            79%        N/A       16%         9
 Spellforged Servitor     Conj/Summ      55%        N/A       21%         7
 Enfeeble                 Hex            54%        N/A       22%         7
 Dispersal                Tloc           38%        N/A       30%         6
 Summon Cactus Giant      Summ           31%        N/A       45%         6
 Lehudib's Crystal Spear  Conj/Erth      55%        10d13     77%         8
 Death's Door             Necr           69%        N/A       85%         9
 Malign Gateway           Summ/Tloc      35%        N/A       88%         7
 Monstrous Menagerie      Summ           31%        N/A       93%         7
 Summon Hydra             Summ           31%        N/A       93%         7
 Maxwell's Capacitive Co  Air            49%        ∞         95%         8
 Disjunction              Tloc           38%        N/A       100%        8
 Ignition                 Fire           31%        3d10      100%        8
 Dragon's Call            Summ           31%        N/A       100%        9
 Animate Armour           Summ/Erth      Unusable   N/A       N/A         4
 Simulacrum               Ice/Necr       Unusable   N/A       N/A         6

Dungeon Overview and Level Annotations

Branches:
Dungeon (15/15)            Temple (1/1) D:5            Lair (5/5) D:11
 Shoals (4/4) Lair:2       Spider (4/4) Lair:2        Slime (5/5) Lair:4
    Orc (2/2) D:10            Elf (3/3) Orc:2        Vaults (5/5) D:13
  Crypt (0/3) Vaults:3     Depths (4/4) D:15           Hell (visited)
    Dis (0/7) Hell            Geh (0/7) Hell            Coc (0/7) Hell
    Tar (0/7) Hell            Zot (0/5) Depths:4    Ossuary (visited)
 Bailey (visited)

Altars:
Ashenzari
Cheibriados
Dithmenos
Elyvilon
Fedhas
Gozag
Hepliaklqana
Kikubaaqudgha
Makhleb
Nemelex Xobeh
Okawaru
Qazlal
Ru
Sif Muna
Trog
Uskayaw
Vehumet
Wu Jian
Xom
Yredelemnul
Zin
The Shining One
Jiyva
Lugonu

Shops:
D:4 *   D:5 !   D:10 !   D:11 =   Orc:1 !*   Orc:2 !(:*?   Elf:3 (   Lair:4 !!=
Spider:1 :?   Vaults:4 =   Depths:1 =

Portals:
Hell: Depths:1 Depths:2 Depths:3 Depths:4
Abyss: Lair:5 Depths:3
Pandemonium: Orc:2 Depths:1 Depths:2
Ziggurat: Depths:1

Annotations:
D:9 2 transporters, demibob's ghost, novice TrCK
Shoals:4 Roxanne
Spider:4 2 transporters, Lahaam's ghost, adept MiBe
Depths:2 2 transporters, Soesill's ghost, adept DgCj
Depths:3 3 runed translucent doors


Innate Abilities, Weirdness & Mutations

You are a fearsome dragon!
You have a powerful clawing attack.
Your giant scaled body is strong and resiliant, but less evasive.
You can breathe fire.
You are flying.
Your maximum health is greatly increased.
Your armour is entirely melded.
You are incapable of wielding weapons or throwing items.
You cannot wear most types of armour.
You are amphibious.
You can wear up to eight rings at the same time.
((Your skin blends seamlessly with your surroundings (Stealth++).))
((Your rubbery body absorbs attacks. (AC +1, EV +1)))
((You are camouflaged when in or above water. (Stealth+)))
((You have tentacles for arms and can constrict up to eight enemies at once.))
You are agile. (Dex +4, Str/Int -1)
Your mind is acute. (Int +4, Str/Dex -1)
((You are resistant to electric shocks. (rElec)))
Your spells are a little harder to cast, but a little more powerful.
You have hidden genetic potential.
You occasionally lose the ability to read scrolls when taking damage.


Message History

You maul Puphas!!!
Your bite misses Puphas.
Puphas is lightly wounded.
You feel sick.
The demonspawn corrupter is no longer distracted by gold.
Puphas closely misses you.
Puphas stings you!! [a] - 351 gold - heal wounds, curing and berserk rage [b] - 368 gold - heal wounds, curing and magic [c] - 378 gold - might, brilliance and haste Purchase which effect?
You feel very mighty all of a sudden.
You feel clever all of a sudden.
You feel yourself speed up.
You feel sick. Puphas stings you!
You block the white draconian stormcaller's attack.
Puphas is distracted by your dazzling golden aura.
Puphas roars, "Taste defeat, thou beslubbering moldwarp yak-dropping!"
You maul Puphas!!!
Puphas is no longer distracted by gold.
You tail-slap Puphas, but do no damage.
Puphas is moderately wounded.
The white draconian stormcaller disappears in a puff of smoke!
Puphas stings you!!!
You feel threatened and lose the ability to read scrolls!
* * * LOW HITPOINT WARNING * * *
You are more poisoned.
The blizzard demon is distracted by your dazzling golden aura.
Puphas stings you!!
* * * LOW HITPOINT WARNING * * *
You feel very sick.
The vault sentinel disappears in a puff of smoke!
The moth of wrath disappears in a puff of smoke!
Puphas stings you!!
* * * LOW HITPOINT WARNING * * *
You are lethally poisoned!
Puphas stings you but does no damage.
* * * LOW HITPOINT WARNING * * *
You feel very sick.
You feel much better.
Your transformation is almost over.
You feel very sick. Puphas completely misses you. Puphas stings you!!!
You die...
Your body crumbles into a pile of gold.

###### ##....## ###
####### ###.....^#
#.###...... .........#
##.##...... #......#
##.......) #.....#
##..##.## #..D# #..##.##
...##..&###### #...#.#
.......$.$§26####..#).##
...#...#####§##.......).
.. #... #.##......... .
#... #J2.......... #...
#............
#...6...........##...
#.........##.#####...


You could see Puphas (berserk).

Vanquished Creatures
  the Royal Jelly (Slime:5)
  An ancient lich (Vaults:5)
  A juggernaut (Depths:3)
  Mara (Vaults:3)
  3 royal mummies (Depths:1)
  The ghost of Bailed the Peltast, a veteran MiMo of Qazlal (Vaults:1)
  Saint Roka (Depths:4)
  Geryon (Hell)
  Xtahua (Vaults:5)
  5 caustic shrikes
  Nikola (Spider:1)
  2 golden dragons
  Arachne (Spider:2)
  2 hellephants (Vaults:3)
  2 Ice Fiends
  3 tentacled monstrosities
  Mlioglotl (Spider:3)
  2 walking earthen tomes (Depths:3)
  A tainted leviathan (Hell)
  3 liches
  Asterion (Depths:1)
  4 titans
  7 searing wretches (Depths:1)
  4 quicksilver dragons
  An Executioner (Pan)
  A deep elf blademaster (Elf:3)
  Agnes (D:15)
  4 sphinxes
  8 storm dragons
  A kraken (Shoals:1)
  9 acid blobs
  7 shadow dragons
  8 tengu reavers
  Kirke (D:15)
  9 rockslimes
  3 demonspawn warmongers (Pan)
  12 azure jellies
  2 iron dragons
  11 deep elf sorcerers
  5 emperor scorpions
  4 fire giants
  20 vault wardens
  6 ghost moths
  4 frost giants
  4 balrugs
  A draconian shifter (Depths:4)
  6 deep elf elementalists
  3 cacodemons
  A ghoul (Vaults:3)
  12 reapers
  A draconian annihilator (Depths:4)
  14 ironbound preservers
  A demonspawn corrupter (Pan)
  8 quicksilver oozes
  28 very ugly things
  2 orc warlords (Vaults:4)
  3 war gargoyles
  4 ironbound thunderhulks
  12 stone giants
  3 broodmothers
  2 spriggan defenders
  3 putrid mouths (Hell)
  A green draconian (Depths:4)
  A vampire knight (Depths:3)
  7 deep elf demonologists (Elf:3)
  11 deep elf annihilators
  Azrael (Spider:1)
  A demonspawn black sun (Pan)
  A yellow draconian (Depths:4)
  3 lorocyprocas
  2 red draconians (Depths:4)
  3 spark wasps
  Nessos (D:13)
  The ghost of demibob the Black Belt, a journeyman DsGl of Okawaru (Lair:5)
  11 dire elephants
  2 mummy priests (Depths:1)
  3 iron golems (Hell)
  A crystal guardian (Vaults:2)
  An eidolon (Vaults:3)
  13 ettins
  2 merfolk javelineers
  4 blizzard demons
  3 jiangshi (Depths:1)
  11 merfolk impalers
  8 deep elf death magi
  Josephine (D:13)
  5 deep elf high priests
  A spriggan zombie (Hell)
  8 entropy weavers
  11 great orbs of eyes
  12 fire dragons
  29 vault guards
  2 rakshasas
  6 ogre magi
  A hell beast (Depths:4)
  2 peacekeepers
  14 yaktaur captains
  4 spriggan air magi
  A juggernaut simulacrum (Depths:2)
  17 ice dragons
  2 demonspawn (Orc:2)
  A salamander tyrant (Depths:4)
  3 catoblepae
  4 merfolk avatars
  9 hydras
  11 centaur warriors
  3 radroaches (shapeshifter) (Vaults:5)
  23 boulder beetles
  4 ironbound frosthearts
  3 radroaches
  7 satyrs
  4 two-headed ogres
  30 dancing weapons
  A jorogumo (Spider:4)
  A stoker (Hell)
  9 deep troll shamans
  An alligator (shapeshifter) (Vaults:5)
  4 merfolk aquamancers
  21 death yaks
  A vampire mage (Depths:1)
  7 deep troll earth magi
  3 thrashing horrors (Lair:5)
  6 orc high priests (Orc:2)
  3 tengu warriors
  10 hell hogs
  A death scarab (Depths:2)
  4 spriggan berserkers (Depths:4)
  23 hell knights
  20 sun demons
  6 spriggans (Depths:4)
  11 soul eaters
  23 deep elf knights
  5 large abominations
  2 sun moths
  A sixfirhy (Hell)
  A salamander mystic (Depths:3)
  A fire crab (shapeshifter) (Elf:1)
  A golden dragon zombie (Hell)
  8 pharaoh ants
  10 iron trolls
  14 orb spiders
  10 glowing orange brains
  17 sea snakes
  65 slime creatures
  38 deep trolls
  A quicksilver dragon simulacrum (Depths:2)
  14 deep elf archers
  A tengu zombie (Vaults:5)
  2 flayed ghosts (Depths:3)
  11 steelbarb worms
  9 wizards
  14 harpies
  18 ironbound convokers
  4 phantasmal warriors
  Pikel (D:6)
  22 deep elf zephyrmancers
  10 lindwurms
  11 orc knights
  An anaconda skeleton (Hell)
  2 human zombies (Vaults:3)
  29 deep elf pyromancers
  11 necromancers
  9 manticores
  8 orc sorcerers
  19 wolf spiders
  4 shining eyes
  7 salamanders
  45 ugly things
  6 moths of wrath
  24 fauns
  10 cyclopes
  2 black mambas
  An eye of devastation (Slime:5)
  6 elephants
  2 dire elephant skeletons (Hell)
  3 ice statues
  A guardian serpent (shapeshifter) (Depths:4)
  15 vault sentinels
  12 cane toads
  12 merfolk sirens
  An elf zombie (Vaults:5)
  4 rust devils
  6 smoke demons
  5 water nymphs
  2 gargoyles
  Maggie (D:6)
  23 demonic crawlers
  2 unseen horrors
  7 torpor snails
  3 orange demons
  A rime drake (shapeshifter) (Elf:1)
  Psyche (D:8)
  6 rime drakes
  4 freezing wraiths
  A yaktaur (shapeshifter) (D:13)
  A cane toad (shapeshifter) (D:12)
  8 komodo dragons
  2 sea snake zombies (Hell)
  An anaconda simulacrum (Hell)
  2 efreet (D:14)
  2 ice devils
  2 tormentors
  38 yaktaurs
  3 tengu conjurers
  A red devil (Pan)
  2 ancient zymes (Lair:5)
  A golden dragon simulacrum (Depths:2)
  A human skeleton (Vaults:5)
  A queen bee (shapeshifter) (Elf:1)
  A yaktaur skeleton (Vaults:5)
  2 meliai (shapeshifter)
  34 merfolk
  7 trolls
  A hydra zombie (Hell)
  3 meliai (Spider:2)
  A hydra skeleton (Hell)
  A sea snake skeleton (Hell)
  A hellwing (Orc:2)
  A troll (shapeshifter) (Vaults:5)
  5 polar bears
  A shadow dragon simulacrum (Depths:2)
  4 tyrant leeches (Spider:3)
  A polar bear (shapeshifter) (D:14)
  2 raiju (shapeshifter)
  21 tarantellas
  An ettin zombie (Vaults:5)
  11 wind drakes
  12 hornets
  11 snapping turtles
  2 alligator zombies (Hell)
  20 blink frogs
  A human simulacrum (Vaults:3)
  31 jumping spiders
  24 dream sheep
  26 culicivoras
  3 shadows
  2 air elementals
  13 water elementals
  6 wraiths
  2 ynoxinuls (Orc:2)
  A wyvern (Lair:1)
  A basilisk (shapeshifter) (Elf:2)
  50 yaks
  A wyvern (shapeshifter) (Vaults:5)
  4 hogs (D:15)
  7 fire elementals
  3 chaos spawn
  4 vampire mosquitoes
  A neqoxec (Depths:2)
  A sea snake simulacrum (Hell)
  51 redbacks
  A redback (shapeshifter) (Depths:4)
  11 basilisks
  12 small abominations (Lair:5)
  Grum (D:11)
  A warg (Depths:4)
  2 acid dragons
  10 water moccasins
  A hell hound (Spider:1)
  40 orc warriors
  2 sky beasts (D:8)
  3 black bears
  7 ice beasts
  A centaur (shapeshifter) (Vaults:5)
  7 ogres
  6 boggarts
  7 wolves
  14 centaurs
  4 lemures (D:6)
  4 kobold brigands
  3 phantoms
  13 bullfrogs
  6 earth elementals
  2 necrophages
  2 scorpions
  8 wights
  3 killer bees (D:10)
  12 howler monkeys
  A vampire bat (D:3)
  5 electric eels
  A hound (D:5)
  28 orc priests
  3 jellies
  23 orc wizards
  4 hell rats (Hell)
  2 mummies
  3 adders
  A white imp (D:5)
  A worm (D:4)
  5 dart slugs
  83 orcs
  9 endoplasms
  A giant cockroach (D:1)
  2 hobgoblins
  14 jackals
  26 kobolds
  3 quokkas
  11 ball pythons
  13 bats
  3 frilled lizards
  7 gnoll skeletons (Ossuary)
  6 goblins
  7 kobold skeletons (Ossuary)
  11 orc skeletons (Ossuary)
  5 rats
  A butterfly (Lair:3)
  A creeping inferno (Hell)
  7 fire vortices
  6 fulminant prisms
  3 tentacles (Shoals:1)
2246 creatures vanquished.

Vanquished Creatures (collateral kills)
  A ynoxinul (Abyss:1)
1 creature vanquished.

Vanquished Creatures (others)
  2 deep elf knights (Elf:3)
  A deep elf pyromancer (Elf:2)
  A merfolk (Shoals:1)
  A snapping turtle (Shoals:1)
  An orc priest (D:8)
  211 fulminant prisms
  22 fungi
  449 plants
  3 tentacles (Shoals:1)
691 creatures vanquished.

Grand Total: 2938 creatures vanquished

Notes
Turn   | Place    | Note
-------+----------+-------------------------------------------
     0 | D:1      | hikkokomori the Octopode Conjurer began the quest for the
                  | Orb.
     0 | D:1      | Reached XP level 1. HP: 11/11 MP: 3/3
   247 | D:1      | Reached XP level 2. HP: 17/17 MP: 1/5
   318 | D:1      | Found a faded altar of an unknown god.
  1018 | D:1      | Reached XP level 3. HP: 21/21 MP: 4/6
  1021 | D:1      | Learned a level 2 spell: Searing Ray
  1587 | D:2      | Reached XP level 4. HP: 27/27 MP: 2/8
  1773 | D:2      | Learned a level 4 spell: Fulminant Prism
  2028 | D:3      | Found a broken altar of Ashenzari.
  2247 | D:3      | Identified the +8 quarterstaff of Excruciating Pain
                  | {freeze, rF+ Will+ Int-4 Dex+4}
  2355 | D:3      | Identified the +10 spear "Spiderslayer" {venom, Dex+4}
  2357 | Abyss:1  | Cast into level 1 of the Abyss (unwielding a weapon of
                  | distortion)
  2387 | Abyss:1  | Noticed a large abomination
  2398 | Abyss:1  | Noticed a small abomination
  2419 | Abyss:1  | Noticed a chaos spawn
  2449 | Abyss:1  | Noticed a ynoxinul
  2457 | Abyss:1  | Killed a ynoxinul
  2458 | Abyss:1  | Reached skill level 5 in Conjurations
  2458 | Abyss:1  | Reached XP level 5. HP: 31/31 MP: 9/9
  2458 | Abyss:1  | Reached XP level 6. HP: 36/36 MP: 10/10
  2460 | D:3      | Escaped the Abyss
  2615 | D:3      | Reached skill level 1 in Fighting
  2862 | D:4      | Reached XP level 7. HP: 44/44 MP: 5/11
  2872 | D:4      | Found Leonul's General Store.
  2894 | D:4      | Bought a scroll of identify for 26 gold pieces
  2894 | D:4      | Bought a potion of heal wounds for 65 gold pieces
  3053 | D:4      | Found a sand-covered staircase.
  3176 | Ossuary  | Entered an ossuary
  3176 | Ossuary  | Noticed a wraith
  3176 | Ossuary  | Noticed a wraith
  3176 | Ossuary  | Noticed a wraith
  3310 | Ossuary  | Noticed a wraith
  3555 | D:4      | Found a blossoming altar of Fedhas.
  3555 | D:4      | Found a glowing golden altar of the Shining One.
  3703 | D:5      | Entered Level 5 of the Dungeon
  3796 | D:5      | Found an ancient bone altar of Kikubaaqudgha.
  3805 | D:5      | Reached XP level 8. HP: 37/52 MP: 2/12
  3896 | D:5      | Found Voom's Distillery.
  4111 | D:5      | Found a staircase to the Ecumenical Temple.
  4122 | Temple   | Entered the Ecumenical Temple
  4346 | Temple   | Became a worshipper of Gozag Ym Sagoz the Greedy
  4678 | D:6      | Noticed Maggie
  4868 | D:6      | Reached skill level 5 in Hexes
  4869 | D:6      | Noticed Pikel
  4881 | D:6      | Killed Pikel
  4882 | D:6      | Reached skill level 5 in Fighting
  4882 | D:6      | Reached XP level 9. HP: 33/61 MP: 6/13
  5200 | D:6      | Learned a level 4 spell: Iskenderun's Mystic Blast
  5294 | D:6      | Killed Maggie
  6449 | D:8      | Noticed Psyche
  6454 | D:8      | Killed Psyche
  6455 | D:8      | Reached skill level 1 in Shields
  6481 | D:8      | Reached XP level 10. HP: 67/69 MP: 8/17
  6496 | D:8      | Noticed a purple ugly thing
  6521 | D:8      | Killed a purple ugly thing
  6522 | D:8      | Reached skill level 5 in Spellcasting
  7638 | D:9      | Found a flagged portal.
  7645 | Bailey   | Entered a bailey
  8498 | Bailey   | Noticed an orc knight
  8519 | Bailey   | Killed an orc knight
  8698 | Bailey   | Noticed an orc knight
  8802 | Bailey   | Killed an orc knight
  8803 | Bailey   | Reached skill level 10 in Conjurations
  9020 | D:9      | Reached XP level 11. HP: 38/77 MP: 15/20
  9238 | D:9      | Reached skill level 5 in Shields
 10053 | D:9      | Noticed demibob's ghost (novice TrCK)
 10115 | D:9      | Found a transporter.
 10120 | D:9      | Found a transporter.
 10355 | D:10     | Entered Level 10 of the Dungeon
 10402 | D:9      | Learned a level 5 spell: Irradiate
 11531 | D:10     | Found a snail-covered altar of Cheibriados.
 11538 | D:10     | Reached skill level 1 in Transmutations
 11608 | D:10     | Found a staircase to the Orcish Mines.
 11764 | D:10     | Upgraded the game from 0.30-a0-585-g93115170b9 to
                  | 0.30-a0-591-g3c58d2bc28
 11861 | D:11     | Found a portal to a secret trove of treasure.
 11959 | D:11     | Found a staircase to the Lair.
 12286 | D:11     | Noticed Grum
 12290 | D:11     | Killed Grum
 12291 | D:11     | Reached skill level 1 in Polearms
 12297 | D:11     | Learned a level 4 spell: Ice Form
 12340 | D:10     | Reached skill level 1 in Ice Magic
 12450 | D:10     | Bought a potion of brilliance for 56 gold pieces
 12450 | D:10     | Bought a potion of degeneration for 14 gold pieces
 12669 | D:11     | Noticed a boulder beetle
 12684 | D:11     | Killed a boulder beetle
 12874 | D:11     | Reached skill level 2 in Ice Magic
 13353 | Lair:1   | Entered Level 1 of the Lair of Beasts
 13434 | Lair:1   | Reached XP level 12. HP: 73/85 MP: 22/22
 13441 | Lair:1   | Reached skill level 3 in Ice Magic
 14387 | Lair:2   | Noticed an ice dragon
 14448 | Lair:1   | Reached skill level 4 in Ice Magic
 14621 | Lair:2   | Killed an ice dragon
 14624 | Lair:2   | Gained mutation: Your muscles are strong. (Str +4, Int/Dex
                  | -1) [mutagenic glow]
 14690 | Lair:2   | Reached skill level 5 in Transmutations
 14701 | Lair:2   | Learned a level 5 spell: Freezing Cloud
 14721 | Lair:2   | Noticed a death yak
 14723 | Lair:2   | Reached skill level 1 in Unarmed Combat
 14726 | Lair:2   | Noticed a death yak
 14726 | Lair:2   | Noticed a death yak
 14727 | Lair:2   | Noticed a death yak
 14727 | Lair:2   | Noticed a death yak
 14728 | Lair:2   | Noticed a death yak
 14735 | Lair:1   | Killed a death yak
 14738 | Lair:1   | Killed a death yak
 14739 | Lair:1   | Reached skill level 1 in Translocations
 14739 | Lair:1   | Reached skill level 1 in Air Magic
 14744 | Lair:1   | Killed a death yak
 15246 | Lair:2   | Reached skill level 5 in Ice Magic
 15604 | Lair:2   | Killed a death yak
 15604 | Lair:2   | Killed a death yak
 15612 | Lair:2   | Reached skill level 6 in Ice Magic
 15636 | Lair:2   | Lost mutation: Your muscles are strong. (Str +4, Int/Dex
                  | -1) [mutagenic glow]
 15794 | Lair:2   | Killed a death yak
 15795 | Lair:2   | Reached XP level 13. HP: 64/90 MP: 8/23
 16020 | D:11     | Bought the amulet "Hisoch" {Reflect rElec Str+4 SH+5} for
                  | 786 gold pieces
 16164 | Orc:1    | Entered Level 1 of the Orcish Mines
 16373 | Orc:2    | Entered Level 2 of the Orcish Mines
 16653 | Orc:2    | Found Ohamixt's Distillery.
 17166 | Orc:2    | Found Mayruxor's Magic Scroll Boutique.
 17185 | Orc:2    | Reached skill level 5 in Unarmed Combat
 17428 | Orc:2    | Found Domokeb's General Store.
 17766 | Orc:2    | Reached skill level 7 in Ice Magic
 18126 | Orc:2    | Bought a scroll of teleportation for 45 gold pieces
 18126 | Orc:2    | Bought a scroll of amnesia for 60 gold pieces
 18126 | Orc:2    | Bought a scroll of identify for 30 gold pieces
 19018 | Orc:2    | Found a staircase to the Elven Halls.
 19536 | Orc:2    | Found Qeivvust's Book Shoppe.
 19536 | Orc:2    | Found Hogykec's Antique Weapon Emporium.
 19705 | Orc:2    | Found a one-way gate leading to the halls of Pandemonium.
 19716 | Orc:2    | Bought the Unrestrained Analects for 528 gold pieces
 19844 | Orc:2    | Paralysed by an orc sorcerer for 5 turns
 20189 | Orc:1    | Found Koepaosi's Gadget Gallery.
 20347 | Orc:1    | Bought a phantom mirror for 560 gold pieces
 20971 | Lair:2   | Reached XP level 14. HP: 35/97 MP: 10/26
 21172 | D:4      | Bought a ring of poison resistance for 260 gold pieces
 21456 | Lair:2   | Found a hole to the Spider Nest.
 21475 | Lair:2   | Found a staircase to the Shoals.
 22271 | Lair:3   | Reached skill level 5 in Dodging
 22271 | Lair:3   | Reached skill level 8 in Ice Magic
 22978 | Lair:4   | Found a staircase to the Slime Pits.
 22979 | Lair:4   | Found a viscous altar of Jiyva.
 23398 | Lair:4   | Reached skill level 10 in Fighting
 24842 | Lair:5   | Entered Level 5 of the Lair of Beasts
 24852 | Lair:5   | Reached skill level 9 in Ice Magic
 25552 | Lair:5   | Found a runed translucent gate.
 25661 | Lair:5   | Reached XP level 15. HP: 105/105 MP: 13/28
 25769 | Lair:5   | Found a runed translucent gate.
 25770 | Lair:5   | Found a runed translucent gate.
 25773 | Lair:5   | Noticed demibob's ghost (journeyman DsGl)
 26010 | Lair:5   | Learned a level 5 spell: Metabolic Englaciation
 26105 | Lair:5   | Reached skill level 10 in Spellcasting
 26282 | Lair:5   | Reached skill level 10 in Ice Magic
 26997 | Lair:5   | Found a corrupted altar of Lugonu.
 26997 | Lair:5   | Found a one-way gate to the infinite horrors of the Abyss.
 27003 | Lair:5   | Got the Handbook of the Fifth Circle
 27623 | D:12     | Learned a level 5 spell: Arcjolt
 27643 | D:12     | Identified the +1 scale mail of Lust {Regen+ rCorr MP-9
                  | SInv}
 27778 | D:12     | Identified the +5 war axe of Resumed Hostilities {drain,
                  | *Noise rPois rN+++}
 28306 | D:12     | Found a shimmering blue altar of Sif Muna.
 28498 | D:13     | Noticed Josephine
 28504 | D:13     | Killed Josephine
 29160 | D:13     | Noticed Nessos
 29180 | D:13     | Killed Nessos
 29488 | D:13     | Reached skill level 11 in Ice Magic
 29543 | D:13     | Found a gate to the Vaults.
 29607 | D:13     | Identified the +2 pair of boots of Winter {Int+7 SInv}
 31055 | D:15     | Entered Level 15 of the Dungeon
 31227 | D:15     | Reached XP level 16. HP: 112/112 MP: 29/30
 31313 | D:15     | Noticed Agnes
 31319 | D:15     | Killed Agnes
 31499 | D:15     | Noticed Kirke
 31502 | D:15     | Noticed a sphinx
 31507 | D:15     | Killed Kirke
 31965 | D:15     | Found a staircase to the Depths.
 32121 | D:15     | Reached skill level 12 in Ice Magic
 32224 | D:15     | Reached skill level 5 in Stealth
 33244 | Shoals:1 | Entered Level 1 of the Shoals
 33244 | Shoals:1 | Found a flickering gateway to a bazaar.
 33253 | Bazaar   | Entered a bazaar
 33299 | Bazaar   | Found Qaceeb's Book Emporium.
 33307 | Bazaar   | Found Giuprom's Book Boutique.
 33348 | Bazaar   | Found Edereim's Book Shoppe.
 33356 | Bazaar   | Found Waed's Distillery.
 33387 | Bazaar   | Bought a potion of resistance for 80 gold pieces
 33387 | Bazaar   | Bought a potion of cancellation for 64 gold pieces
 33387 | Bazaar   | Bought a potion of cancellation for 64 gold pieces
 33387 | Bazaar   | Bought a potion of heal wounds for 40 gold pieces
 33387 | Bazaar   | Bought a potion of curing for 24 gold pieces
 33426 | Bazaar   | Bought a book of Transfigurations for 520 gold pieces
 33426 | Bazaar   | Bought a book of Blood for 364 gold pieces
 33439 | Bazaar   | Bought a Necronomicon for 560 gold pieces
 33527 | Bazaar   | Bought a book of Iron for 396 gold pieces
 33532 | Bazaar   | Learned a level 2 spell: Sublimation of Blood
 33969 | Spider:1 | Entered Level 1 of the Spider Nest
 33969 | Spider:1 | Noticed Azrael
 34166 | Elf:1    | Entered Level 1 of the Elven Halls
 34768 | Shoals:1 | Reached skill level 1 in Necromancy
 35003 | Shoals:1 | Noticed a kraken
 35350 | Shoals:1 | Killed a kraken
 37825 | Shoals:2 | Reached XP level 17. HP: 74/117 MP: 20/32
 37903 | Shoals:2 | Learned a level 7 spell: Ozocubu's Refrigeration
 38843 | Shoals:2 | Reached skill level 13 in Ice Magic
 40054 | Shoals:3 | Reached skill level 10 in Transmutations
 40056 | Shoals:3 | Reached skill level 5 in Necromancy
 41413 | Shoals:4 | Entered Level 4 of the Shoals
 41422 | Shoals:4 | Identified the +3 shortbow of the Writhing Scavenger
                  | {flame, Dex+6}
 43258 | Shoals:4 | Identified the +6 short sword of Midwinter {freeze, Dex+3}
 43439 | Shoals:4 | Noticed Roxanne
 44098 | Shoals:4 | Identified the +6 war axe "Pexuoqe" {pain, Drain rElec rF+}
 44306 | Shoals:4 | Reached XP level 18. HP: 83/124 MP: 26/34
 44436 | Shoals:4 | Got a barnacled rune of Zot
 45070 | Spider:1 | Killed Azrael
 45404 | Spider:1 | Learned a level 7 spell: Dragon Form
 46025 | Spider:1 | Noticed Nikola
 46036 | Spider:1 | Killed Nikola
 46037 | Spider:1 | Reached skill level 14 in Ice Magic
 48639 | Spider:2 | Noticed Arachne
 48649 | Spider:2 | Killed Arachne
 49630 | Spider:3 | Reached XP level 19. HP: 132/132 MP: 11/36
 50096 | Spider:3 | Identified the +10 arbalest of Tuenuag {freeze, rF- Int+5
                  | Stlth+}
 50207 | Spider:3 | Noticed Mlioglotl
 50227 | Spider:3 | Killed Mlioglotl
 50228 | Spider:3 | Reached skill level 10 in Unarmed Combat
 51198 | Spider:4 | Entered Level 4 of the Spider Nest
 51422 | Spider:3 | Gained mutation: Your skin blends seamlessly with your
                  | surroundings (Stealth++). [mutagenic glow]
 52018 | Spider:4 | Got the Essays on the Amalgamated Salamander
 53254 | Spider:4 | Found the +0 pair of fencer's gloves {Riposte Dex+3}
 53259 | Spider:4 | Paralysed by a hornet for 2 turns
 53855 | Spider:4 | Found a transporter.
 53859 | Spider:4 | Noticed Lahaam's ghost (adept MiBe)
 53886 | Spider:4 | Found a transporter.
 54304 | Spider:4 | Got a gossamer rune of Zot
 54752 | Depths:1 | Entered Level 1 of the Depths
 54752 | Depths:1 | Noticed Asterion
 54763 | Depths:1 | Killed Asterion
 55476 | Depths:1 | Identified the +9 morningstar of Distraction {protect, Fly
                  | rElec Int+4}
 55546 | Depths:1 | Found a gateway to Hell.
 55573 | Depths:1 | Noticed a royal mummy
 56105 | Depths:1 | Noticed a royal mummy
 56112 | Depths:1 | Killed a royal mummy
 56114 | Depths:1 | Noticed a royal mummy
 56124 | Depths:1 | Killed a royal mummy
 56125 | Depths:1 | Reached XP level 20. HP: 64/142 MP: 30/38
 56397 | Depths:1 | Bought the ring "Bufuolet" {Fly rCorr Int+6 Slay+3 SInv}
                  | for 1350 gold pieces
 56397 | Depths:1 | Bought a ring of the Octopus King {rN+ HP+2 AC+2 EV+2 SH+2}
                  | for 1128 gold pieces
 56397 | Depths:1 | Found the ring of the Octopus King {rN+ HP+2 AC+2 EV+2
                  | SH+2}
 56608 | Depths:1 | Found a broken altar of Ashenzari.
 56944 | Depths:1 | Killed a royal mummy
 56949 | Depths:1 | Found the +7 sceptre of Torment {pain, torment}
 57021 | Depths:1 | Found a one-way gateway to a ziggurat.
 57645 | Depths:2 | Reached skill level 1 in Evocations
 59586 | Depths:2 | Found a transporter.
 59589 | Depths:2 | Found a transporter.
 59592 | Depths:2 | Noticed a juggernaut
 59592 | Depths:2 | Noticed a juggernaut
 59593 | Depths:2 | Noticed Soesill's ghost (adept DgCj)
 59595 | Depths:2 | Found a bloodstained altar of Trog.
 59645 | Depths:2 | Found the +8 frozen axe "Frostbite" {freeze, freezing
                  | cloud, *Noise Fly rC+}
 60929 | Depths:3 | Found a runed translucent gate.
 60929 | Depths:3 | Found a runed translucent gate.
 60929 | Depths:3 | Found a runed translucent gate.
 61060 | Depths:3 | Noticed a caustic shrike
 61060 | Depths:3 | Noticed a caustic shrike
 61060 | Depths:3 | Noticed a juggernaut
 61073 | Depths:3 | Killed a caustic shrike
 61074 | Depths:3 | Reached skill level 5 in Evocations
 61408 | Depths:3 | Killed a juggernaut
 61409 | Depths:3 | Reached XP level 21. HP: 149/149 MP: 24/39
 61468 | Depths:3 | Reached skill level 15 in Spellcasting
 61789 | Depths:3 | Killed a caustic shrike
 61840 | Depths:3 | Found a shadowy altar of Dithmenos.
 62259 | Depths:3 | Found a runed translucent gate.
 62259 | Depths:3 | Found a runed translucent gate.
 62259 | Depths:3 | Found a runed translucent gate.
 62603 | Depths:3 | Identified the ring "Zudoyck" {Contam rPois Str+4 Int+3
                  | SInv}
 62700 | Depths:4 | Entered Level 4 of the Depths
 62703 | Depths:4 | Noticed a caustic shrike
 62706 | Depths:4 | Noticed a caustic shrike
 62707 | Depths:4 | Noticed a caustic shrike
 62710 | Depths:4 | Killed a caustic shrike
 62716 | Depths:4 | Killed a caustic shrike
 62717 | Depths:4 | Reached skill level 15 in Fighting
 62721 | Depths:4 | Killed a caustic shrike
 62755 | Depths:4 | Learned a level 8 spell: Necromutation
 62759 | Depths:4 | Gained mutation: Your body sometimes deteriorates upon
                  | taking damage. [mutagenic glow]
 63181 | Depths:4 | Found a gate to the Realm of Zot.
 63214 | Depths:4 | Reached skill level 15 in Transmutations
 63391 | Depths:4 | Reached skill level 5 in Polearms
 64088 | Depths:4 | Noticed Saint Roka
 64102 | Depths:4 | Killed Saint Roka
 64450 | Depths:4 | Noticed a golden dragon
 64459 | Depths:4 | Killed a golden dragon
 65144 | Depths:4 | Reached XP level 22. HP: 157/157 MP: 20/41
 65461 | D:11     | You paid a toll of a +7 demon blade to enter a treasure
                  | trove
 65462 | Trove    | Entered a treasure trove
 65507 | Trove    | Found the necklace of Bloodlust {*Rage Will++ Int-3 Slay+6}
 65528 | Trove    | Identified the +0 hat "Atsylud" {Int+3 Slay+5}
 65556 | Trove    | Identified the ring of Golibly {rElec rF+ Will+ Int+6}
 65860 | Elf:1    | Learned a level 2 spell: Wereblood
 66054 | Elf:1    | Reached skill level 10 in Dodging
 66491 | Elf:1    | Reached skill level 10 in Shields
 67556 | Elf:2    | Found a shimmering blue altar of Sif Muna.
 68021 | Elf:2    | Found a runed translucent gate.
 68021 | Elf:2    | Found a runed translucent gate.
 68022 | Elf:2    | Found a runed translucent gate.
 68866 | Elf:3    | Entered Level 3 of the Elven Halls
 69037 | Elf:3    | Found Fumal's Antique Weapon Shop.
 70079 | Elf:3    | Reached XP level 23. HP: 163/163 MP: 30/42
 70132 | Elf:3    | Identified the +5 broad axe of Quick Death {vamp, rPois}
 70141 | Elf:3    | Identified the +5 hand axe of the Twisting Gods {heavy,
                  | *Noise rElec rCorr Int+8}
 70150 | Elf:3    | Identified the ring of Eveghad {Contam rPois rN++ Str-2
                  | Dex+3}
 70883 | Vaults:1 | Entered Level 1 of the Vaults
 71177 | Vaults:1 | Reached skill level 1 in Staves
 71852 | Vaults:1 | Found a large runed translucent door.
 71852 | Vaults:1 | Found a large runed translucent door.
 71874 | Vaults:1 | Found a large runed translucent door.
 71874 | Vaults:1 | Found a large runed translucent door.
 71874 | Vaults:1 | Found a large runed translucent door.
 71875 | Vaults:1 | Found a large runed translucent door.
 71876 | Vaults:1 | Noticed Bailed's ghost (veteran MiMo)
 72013 | Vaults:1 | Found a large runed translucent door.
 72013 | Vaults:1 | Found a large runed translucent door.
 72477 | Vaults:1 | Killed Bailed's ghost
 72887 | Vaults:2 | Found Dugit's Armour Boutique.
 73195 | Vaults:2 | Reached skill level 15 in Ice Magic
 74139 | Vaults:3 | Reached skill level 5 in Staves
 74656 | Vaults:3 | Noticed Mara
 74664 | Vaults:3 | Killed Mara
 74911 | Vaults:3 | Reached XP level 24. HP: 160/173 MP: 15/42
 75174 | Vaults:3 | Found a staircase to the Crypt.
 75606 | Vaults:3 | Found a huge runed gate.
 75606 | Vaults:3 | Found a huge runed gate.
 75606 | Vaults:3 | Found a huge runed gate.
 75606 | Vaults:3 | Found a huge runed gate.
 75606 | Vaults:3 | Found a huge runed gate.
 75606 | Vaults:3 | Found a huge runed gate.
 75606 | Vaults:3 | Found a huge runed gate.
 75607 | Vaults:3 | Found a huge runed gate.
 75608 | Vaults:3 | Found a huge runed gate.
 75608 | Vaults:3 | Found a huge runed gate.
 75608 | Vaults:3 | Found a huge runed gate.
 75608 | Vaults:3 | Found a huge runed gate.
 75608 | Vaults:3 | Found a huge runed gate.
 75609 | Vaults:3 | Found a huge runed gate.
 75610 | Vaults:3 | Found a huge runed gate.
 75611 | Vaults:3 | Found a huge runed gate.
 75612 | Vaults:3 | Found a huge runed gate.
 75624 | Vaults:3 | Found a huge runed gate.
 75624 | Vaults:3 | Found a huge runed gate.
 75624 | Vaults:3 | Found a huge runed gate.
 75624 | Vaults:3 | Found a huge runed gate.
 75624 | Vaults:3 | Found a huge runed gate.
 75625 | Vaults:3 | Found a huge runed gate.
 75626 | Vaults:3 | Found a huge runed gate.
 75627 | Vaults:3 | Found a huge runed gate.
 75628 | Vaults:3 | Found a huge runed gate.
 75714 | Vaults:3 | Found a huge runed gate.
 75714 | Vaults:3 | Found a huge runed gate.
 75714 | Vaults:3 | Found a huge runed gate.
 75714 | Vaults:3 | Found a huge runed gate.
 75714 | Vaults:3 | Found a huge runed gate.
 75714 | Vaults:3 | Found a huge runed gate.
 75715 | Vaults:3 | Found a huge runed gate.
 75716 | Vaults:3 | Found a huge runed gate.
 75717 | Vaults:3 | Found a huge runed gate.
 75775 | Vaults:3 | Found a huge runed gate.
 77302 | Vaults:4 | Reached skill level 16 in Ice Magic
 78678 | Vaults:4 | Bought the ring "Geuckuaf" {rC+ Will++ EV+5} for 1152 gold
                  | pieces
 78686 | Vaults:4 | Bought the ring of Fajozoh {Wiz Str+4 Dex+3} for 930 gold
                  | pieces
 78826 | Vaults:5 | Entered Level 5 of the Vaults
 78832 | Vaults:5 | Reached skill level 10 in Necromancy
 78990 | Vaults:4 | Learned a level 5 spell: Yara's Violent Unravelling
 79204 | Vaults:5 | Noticed Xtahua
 79245 | Vaults:5 | Gained mutation: Your body often deteriorates upon taking
                  | damage. [mutagenic glow]
 79249 | Vaults:5 | Reached XP level 25. HP: 132/179 MP: 35/42
 79360 | Vaults:5 | Reached skill level 15 in Dodging
 79836 | Vaults:5 | Killed Xtahua
 79837 | Vaults:5 | Reached skill level 17 in Ice Magic
 79874 | Vaults:5 | Noticed an ancient lich
 79881 | Vaults:5 | Killed an ancient lich
 80122 | Vaults:5 | Reached skill level 10 in Staves
 80238 | Vaults:5 | Identified the ring of Divine Intervention {rF+ rN+++ rCorr
                  | Slay-2}
 80920 | Vaults:5 | Got the Handbook of the Unstable Legion
 81189 | Vaults:5 | Got the Cyclopedia of Subzero Intoxication
 81287 | Vaults:5 | Got the Volume of Congelation and the Curse
 81512 | Vaults:5 | Got a silver rune of Zot
 82035 | Lair:4   | Bought a potion of haste for 210 gold pieces
 82035 | Lair:4   | Bought a potion of cancellation for 168 gold pieces
 82035 | Lair:4   | Bought a potion of brilliance for 84 gold pieces
 82039 | Lair:4   | Bought the ring "Poteprya" {Wiz rF+ rC+ Str-4 Slay+2} for
                  | 663 gold pieces
 82054 | Slime:1  | Entered Level 1 of the Pits of Slime
 82908 | Slime:5  | Entered Level 5 of the Pits of Slime
 83145 | Slime:4  | Lost mutation: Your body often deteriorates upon taking
                  | damage. [potion of mutation]
 83145 | Slime:4  | Lost mutation: Your body sometimes deteriorates upon taking
                  | damage. [potion of mutation]
 83145 | Slime:4  | Gained mutation: Your spells are a little harder to cast,
                  | but a little more powerful. [potion of mutation]
 83145 | Slime:4  | Gained mutation: You are agile. (Dex +4, Str/Int -1)
                  | [potion of mutation]
 83145 | Slime:4  | Gained mutation: You have hidden genetic potential. [potion
                  | of mutation]
 83145 | Slime:4  | Gained mutation: Your mind is acute. (Int +4, Str/Dex -1)
                  | [potion of mutation]
 83261 | Slime:5  | Found a viscous altar of Jiyva.
 83261 | Slime:5  | Noticed the Royal Jelly
 83276 | Slime:5  | Killed the Royal Jelly
 83309 | Slime:5  | Reached XP level 26. HP: 185/185 MP: 27/42
 83623 | Slime:5  | Identified the +11 quarterstaff "Biriozat" {flame, rF+ rN+}
 83730 | Slime:5  | Identified the +8 scimitar "Fiorghec" {freeze, rPois rC+
                  | rN+}
 83745 | Slime:5  | Got a slimy rune of Zot
 83752 | Slime:5  | Identified the +6 chain mail "Lakoxyhi" {Int+2}
 83762 | Slime:5  | Identified the +7 rapier of Insufficient Pleasure {flame,
                  | rCorr}
 83936 | Lair:5   | Killed demibob's ghost
 83938 | Lair:5   | Reached skill level 18 in Ice Magic
 84366 | Hell     | Entered the Vestibule of Hell
 84366 | Hell     | Noticed Geryon
 85434 | Depths:1 | Gained mutation: You occasionally lose the ability to read
                  | scrolls when taking damage. [mutagenic glow]
 86134 | Hell     | Killed Geryon
 86519 | Depths:1 | Learned a level 3 spell: Ozocubu's Armour
 87285 | Hell     | Found a gateway to the freezing wastes of Cocytus.
 87415 | Hell     | Found a gateway to the decaying netherworld of Tartarus.
 87512 | Hell     | Found a gateway to the ashen valley of Gehenna.
 87629 | Hell     | Found a gateway to the Iron City of Dis.
 87994 | Pan      | Entered Pandemonium
 88051 | Pan      | Reached skill level 15 in Unarmed Combat
 88470 | Pan      | Noticed Puphas the pandemonium lord
 88491 | Pan      | Identified the +1 scale mail of Ru {Harm *Slow rF++ MP+9}
 88545 | Pan      | Reached skill level 19 in Ice Magic
 88729 | Pan      | Gained mutation: You are resistant to electric shocks.
                  | (rElec) [hidden potential]
 88913 | Pan      | Mangled by Puphas the pandemonium lord

Illustrated notes

Levels and vault maps discovered:
D:1:      dpeg_arrival_tiny_c, layout_loops_ring, serial_aquarium,
          aquarium_bridge_straight [aquarium_subvault_bridge,
          aquarium_subvault_wall, aquarium_subvault_bridge,
          aquarium_subvault_window], aquarium_window_1, aquarium_window_3,
          aquarium_window_1, aquarium_view_2d, aquarium_pool_side,
          shapermc_ecumenical_altar_venn
D:2:      layout_loops_ring
D:3:      layout_basic, mainiacjoe_overflow_tiny_flanked, minivault_14,
          roderic_batcave
D:4:      layout_rooms, gammafunk_temple_overflow_statue,
          nicolae_ossuary_entry_false_entrances, serial_shops,
          nicolae_shop_window_shopping, hex_tiny
D:5:      layout_rooms, nicolae_kikubaaqudgha_miasma_corner,
          minmay_temple_entry_nine_rooms, serial_shops, nicolae_square_shop
D:6:      layout_basic, uniq_pikel, uniq_maggie
D:7:      layout_gridville
D:8:      minmay_skewed_foursquare, layout_cave_pools, hangedman_decor_lopped,
          uniq_psyche
D:9:      layout_roguey, gammafunk_ghost_hive, enter_bailey_2
D:10:     layout_cross, slow_altar_2, orc_0_dummy, hangedman_decor_growths
D:11:     layout_gridville, david_lair_generic, nicolae_trove_entry_crossroad,
          uniq_grum
D:12:     layout_long_grid, tgw_sif
D:13:     layout_stronghold, david_vaults_4, serial_rivers,
          chequers_serial_rivers_room_b, chequers_serial_rivers_micro_a,
          chequers_serial_rivers_small_3, chequers_serial_rivers_micro_e,
          chequers_serial_rivers_large_a, uniq_josephine, uniq_nessos
D:14:     layout_irregular_city, infiniplex_staircase_split_hallway, hex_large
D:15:     grunt_enter_depths_hoard, layout_loops_ring, uniq_agnes, uniq_kirke
Temple:   minmay_temple_bridge_d
Lair:1:   layout_regular_city
Lair:2:   layout_cave_pods, minmay_shoals_entry_centaurs,
          spider_nest_entry_funnel_web, ice2_lemuel
Lair:3:   layout_regular_city, lemuel_fruit_fields
Lair:4:   layout_roguey, nicolae_slime_entry_slimehenge, grunt_megastairs_4,
          serial_bayou_shore_a
Lair:5:   hellmonk_lair_end_abyssal_woods, layout_hall_layers,
          gammafunk_ghost_hydra_chop, minivault_11, lemuel_fruit_tree
Shoals:1: layout_shoals, serial_shops, freezing_bzr, nicolae_shoals_flooded_hall
Shoals:2: nzn_motion_control, layout_shoals, nzn_prometheus_bound
Shoals:3: layout_shoals
Shoals:4: shoals_end_grunt_garden, layout_shoals,
          nicolae_shoals_circle_sea_wall, uniq_roxanne
Spider:1: nicolae_spider_broodchamber, hangedman_spider_tarantella_strand,
          uniq_nikola, uniq_azrael
Spider:2: layout_spider_delve, nicolae_spider_orb_run, uniq_arachne
Spider:3: layout_spider_delve, hangedman_stitches_earthworm, uniq_mlioglotl
Spider:4: spider_rune_water, gammafunk_ghost_berserking_beasts, worms_lemuel
Slime:1:  layout_caves
Slime:2:  layout_caves
Slime:3:  layout_caves, basic_altar
Slime:4:  layout_caves, basic_altar
Slime:5
Orc:1:    layout_caves, mumra_transporter_accident, nicolae_shop_gadgets
Orc:2:    pf_orc_diabolical, layout_diamond_mine, serial_shops,
          nicolae_square_shop
Elf:1:    layout_geoelf_diagonals, evilmike_minifort,
          roderic_lattice_octagonal_star
Elf:2:    elven_hall_of_blades_hangedman_original
          [nicolae_blade_entry_sentries_behind_glass], layout_gridlike,
          basic_altar
Elf:3:    minmay_elf_hall_x, layout_loops_cross, serial_shops, shop,
          einodemon_crawler_minivault
Vaults:1: advil_vaults_ghost_lines, hangedman_vaults_impose,
          ontoclasm_vaults_gateway, ontoclasm_vaults_ring_square,
          vaults_dpeg_spiral, vaults_dpeg_ring, v_alt_pattern_4,
          ontoclasm_vaults_ligature, nicolae_vaults_yaktaur_gun_rack,
          ontoclasm_vaults_claustrophobia, nicolae_vaults_little_squares_4,
          vaults_mumra_chevron, vaults_standard_mumra_enter_the_diamond,
          layout_vaults_omnicross
Vaults:2: vaults_room_mumra_shop_pool, ontoclasm_vaults_water_temple,
          vaults_room_hallway, nicolae_vaults_little_squares_6,
          vaults_mumra_minichess, vaults_room_ringed_pool, v_misc_22,
          nicolae_vaults_diagonal_hallway_6, layout_vaults_maze_bifur
Vaults:3: minmay_crypt_entry_simple_sparse, nicolae_vaults_border_crossing,
          v_misc_29, nicolae_vaults_network_star, v_misc_24, not_door_vault_due,
          v_alt_pattern_3, nicolae_vaults_little_squares_5, vaults_room_fours,
          hangedman_vaults_nails, vaults_room_stairs_pillars,
          grunt_vaults_diagonal, ontoclasm_vaults_decontamination,
          layout_vaults_omnibox, uniq_mara
Vaults:4: dpeg_vaults_hating_casters, v_pattern_3, grunt_vaults_funnel,
          nicolae_vaults_big_angled_halls, nicolae_vaults_little_squares_6,
          hangedman_vaults_stretched_pinwheel, layout_vaults_omnigrid
Vaults:5: serial_shops, uniq_xtahua
Depths:1: minmay_guarded_unrand_sceptre_of_torment, layout_cave_shapes,
          ziggurat_fallback, hell_entry, minmay_misc_feat_square,
          rand_demon_pan_entry_7, kennysheep_cross_bottleneck,
          evilmike_ruin_ashenzari, uniq_asterion
Depths:2: minmay_coctagon, layout_cave_pools, lightli_too_deep,
          gammafunk_ghost_wrathful_warriors, rand_demon_pan_entry_5,
          hellmonk_scarab_ruin
Depths:3: kennysheep_treasure_stockpile, layout_cave_pools,
          nicolae_dithmenos_shadow_blocks, abyss_entry,
          grunt_hell_entry_dis_grunt, minmay_misc_feat_tiny,
          grunt_ministairs_14, kennysheep_two_boxes
Depths:4: evilmike_zot_entry_round, layout_gridlike, serial_aquarium,
          aquarium_bridge_square [aquarium_subvault_bridge,
          aquarium_subvault_window, aquarium_subvault_bridge,
          aquarium_subvault_wall], aquarium_window_corner, aquarium_window_1,
          aquarium_view_2g, aquarium_pool_double, hellmouth_1,
          dk_noncrumbling_2, uniq_saint_roka
Hell
Pan:      evilmike_mini_pan_thingy, layout_gridlike

Skill      XL: |  1  2  3  4  5  6  7  8  9 10 11 12 13 14 15 16 17 18 19 20 21 22 23 24 25 26 |
---------------+-------------------------------------------------------------------------------+-----
Spellcasting   | 3 4 6 7 8 9 10 11 12 13 14 15 16 | 16.3
Stealth        | 4 5 7 |  7.0
Conjurations   | 5 6 7 9 10 11 12 13 | 13.3
Hexes          | 2 3 4 6 |  6.2
Fighting       | 1 3 5 6 8 9 10 11 12 13 14 15 16 | 16.7
Shields        | 1 4 6 7 8 9 11 | 11.9
Transmutations | 3 6 8 9 10 12 13 14 15 | 15.7
Polearms       | 3 4 6 8 |  8.7
Ice Magic      | 2 6 7 9 11 12 13 14 15 16 17 19 | 19.1
Unarmed Combat | 4 6 7 9 11 12 13 15 | 15.2
Translocations | 1 |  1.4
Air Magic      | 1 4 |  4.6
Dodging        | 4 7 8 9 11 13 14 15 | 15.7
Necromancy     | 4 6 8 10 12 | 12.7
Evocations     | 5 6 8 |  8.6
Staves         | 6 9 10 | 10.1

Action                   |  1- 3 |  4- 6 |  7- 9 | 10-12 | 13-15 | 16-18 | 19-21 | 22-24 | 25-27 || total
-------------------------+-------+-------+-------+-------+-------+-------+-------+-------+-------++-------
Melee: Unarmed           |    12 |       |       |    68 |   267 |   327 |   547 |   473 |   440 ||  2134
       Constrict         |     1 |     4 |    15 |    19 |    27 |    31 |    22 |    25 |    14 ||   158
       Dagger            |       |     3 |       |       |       |       |       |       |       ||     3
       Spear             |       |    23 |   114 |   127 |   213 |   198 |   119 |    96 |       ||   890
       Tentacles         |       |     3 |    15 |    33 |    54 |    36 |    43 |    82 |    73 ||   339
       Punch             |       |       |     1 |     1 |    11 |    23 |    61 |    93 |    86 ||   276
       Tailslap          |       |       |       |       |       |    15 |   120 |    97 |    80 ||   312
       Bite              |       |       |       |       |       |    12 |    93 |    54 |    77 ||   236
       Staff             |       |       |       |       |       |       |       |   117 |   107 ||   224
 Fire: Arbalest          |       |       |       |    10 |       |       |       |       |       ||    10
 Cast: Magic Dart        |    63 |    36 |     8 |    46 |       |       |       |       |       ||   153
       Searing Ray       |     1 |     1 |    12 |    19 |     2 |       |       |       |       ||    35
       Fulminant Prism   |       |     3 |    22 |   147 |    19 |    11 |     6 |       |     9 ||   217
       Irradiate         |       |       |       |    15 |    26 |    23 |    30 |    16 |    25 ||   135
       Iskenderun's Myst |       |       |       |     4 |       |     2 |       |       |       ||     6
       Ice Form          |       |       |       |     9 |    48 |    75 |    23 |       |       ||   155
       Freezing Cloud    |       |       |       |       |   168 |   193 |    33 |     9 |    11 ||   414
       Metabolic Englaci |       |       |       |       |     1 |     5 |       |       |       ||     6
       Arcjolt           |       |       |       |       |       |     2 |       |       |       ||     2
       Ozocubu's Refrige |       |       |       |       |       |   137 |   104 |   109 |    78 ||   428
       Sublimation of Bl |       |       |       |       |       |     1 |       |     2 |     3 ||     6
       Dragon Form       |       |       |       |       |       |    13 |    72 |    55 |    42 ||   182
       Necromutation     |       |       |       |       |       |       |     1 |       |    11 ||    12
       Wereblood         |       |       |       |       |       |       |       |    20 |     8 ||    28
       Ozocubu's Armour  |       |       |       |       |       |       |       |       |     8 ||     8
       Yara's Violent Un |       |       |       |       |       |       |       |       |     1 ||     1
Invok: Call Merchant     |       |       |       |     2 |       |     3 |     1 |     1 |     3 ||    10
       Potion Petition   |       |       |       |       |       |       |       |     1 |     2 ||     3
 Abil: Breathe Fire      |       |       |       |       |       |     6 |    25 |     8 |     4 ||    43
       End Transformatio |       |       |       |       |       |       |       |     2 |     2 ||     4
Evoke: Wand              |       |       |     9 |    11 |    10 |     4 |     1 |     4 |     1 ||    40
       Phantom mirror    |       |       |       |       |     1 |       |       |       |       ||     1
       Condenser vane    |       |       |       |       |       |       |     1 |     1 |     2 ||     4
  Use: Scroll            |       |     6 |     6 |    19 |     7 |     7 |     8 |    12 |     5 ||    70
       Potion            |       |       |     3 |    10 |     1 |     6 |     8 |     4 |     5 ||    37
 Stab: Sleeping          |       |     1 |     6 |     5 |     8 |     5 |     6 |    15 |     1 ||    47
       Distracted        |       |       |     2 |     1 |     1 |     5 |     9 |     5 |     3 ||    26
       Petrifying        |       |       |       |       |     1 |       |       |       |       ||     1
       Petrified         |       |       |       |       |     1 |       |       |       |       ||     1
Armor: Skin              |     3 |     2 |     3 |    29 |    81 |   123 |   267 |   168 |   169 ||   845
Dodge: Dodged            |     9 |    16 |    49 |   189 |   286 |   422 |   466 |   374 |   543 ||  2354
Block: Kite shield       |       |       |       |    33 |    98 |   130 |    79 |   118 |   124 ||   582
       Other             |       |       |       |       |    59 |    84 |   138 |   143 |   154 ||   578
       Reflection        |       |       |       |       |    26 |    29 |     3 |    41 |     9 ||   108

Table legend: (Time is in decaauts)
 A = Elapsed time spent in this place.
 B = Non-inter-level travel time spent in this place.
 C = Inter-level travel time spent in this place.
 D = Time resting spent in this place.
 E = Time spent auto-exploring this place.
 F = Levels seen in this place.
 G = Mean time per level.
                   A        B        C        D        E       F      G
               +--------+--------+--------+--------+--------+-----+--------+
         Total |  88585 |  84356 |   4229 |  19035 |  49142 |  55 | 1610.6 |
       Dungeon |  18235 |  16326 |   1909 |   1959 |  12068 |  15 | 1215.7 |
        Temple |    295 |    194 |    101 |      0 |    187 |   1 |  295.0 |
          Lair |  10554 |   9742 |    812 |   1867 |   6312 |   5 | 2110.8 |
        Shoals |  10417 |  10229 |    188 |   2231 |   5994 |   4 | 2604.2 |
   Spider Nest |   9472 |   9293 |    179 |   2755 |   4785 |   4 | 2368.0 |
    Slime Pits |   1808 |   1770 |     38 |    604 |    580 |   5 |  361.6 |
  Orcish Mines |   4748 |   4431 |    317 |   1567 |   2086 |   2 | 2374.0 |
   Elven Halls |   5017 |   4830 |    187 |    499 |   3450 |   3 | 1672.3 |
        Vaults |  10877 |  10632 |    245 |   1436 |   7309 |   5 | 2175.4 |
        Depths |  12730 |  12496 |    234 |   5522 |   4503 |   4 | 3182.5 |
          Hell |   1349 |   1334 |     15 |      0 |    735 |   1 | 1349.0 |
         Abyss |    102 |    102 |      0 |      0 |      0 |   1 |  102.0 |
   Pandemonium |    892 |    892 |      0 |    240 |    322 |   1 |  892.0 |
        Bazaar |    311 |    311 |      0 |      0 |    134 |   1 |  311.0 |
         Trove |    115 |    115 |      0 |      0 |      0 |   1 |  115.0 |
       Ossuary |    294 |    294 |      0 |     80 |     20 |   1 |  294.0 |
        Bailey |   1362 |   1362 |      0 |    274 |    657 |   1 | 1362.0 |
               +--------+--------+--------+--------+--------+-----+--------+

Top non-repeatable levels by time:
Depths:1: 6427 daAuts
   Orc:2: 3924 daAuts
Shoals:4: 3232 daAuts
Shoals:1: 3087 daAuts
Vaults:4: 2872 daAuts
Spider:4: 2833 daAuts
  Lair:5: 2772 daAuts
  Lair:2: 2739 daAuts
Depths:3: 2712 daAuts
Vaults:5: 2529 daAuts
Shoals:2: 2391 daAuts
Spider:3: 2378 daAuts
  Lair:4: 2226 daAuts
Vaults:3: 2218 daAuts
Spider:2: 2176 daAuts
